 Dungeon Sprint DCSS version 0.17-a0-1718-g72dbe4d (webtiles) character file.

45459 Kidiri the Imperceptible (level 13, -6/55 HPs)
             Began as a Spriggan Enchanter on Aug 26, 2015.
             Was the Champion of Dithmenos.
             Shot with an arrow by a deep elf master archer (21 damage)
             ... in the Dungeon (Sprint III: "The Ten Rune Challenge").
             The game lasted 00:19:52 (3135 turns).

Kidiri the Imperceptible (Spriggan Enchanter)       Turns: 3135, Time: 00:19:52

Health: -6/55      AC:  7    Str:  4    XL:     13   Next: 31%
Magic:  24/36      EV: 36    Int: 19    God:    Dithmenos [******]
Gold:   3161       SH:  2    Dex: 19    Spells: 10 memorised, 7 levels left

rFire  . . .     SeeInvis +     a - +1 dagger
rCold  . . .     Clarity  .     b - +1 robe
rNeg   . . .     SustAt   .     (shield restricted)
rPois  .         Gourm    .     u - +2 hat
rElec  .         Spirit   .     (no cloak)
rCorr  .         Warding  .     (gloves unavailable)
rMut   .         NoTele   +     (boots unavailable)
MR     ++...                    (no amulet)
Stlth  ++++++++++               (no ring)
                                (no ring)

@: very slightly contaminated, wreathed by umbra, very quick, very resistant to
hostile enchantments, uncannily stealthy
A: unfitting armour, talons 1, large bone plates 1, see invisible, herbivore 3,
speed 3, slow metabolism 2, no device heal 1
a: Shadow Step, Shadow Form, Renounce Religion
}: 1/10 runes: serpentine


You were in the Dungeon.
You worshipped Dithmenos.
Dithmenos was exalted by your worship.
You were full.

You visited 1 branch You collected 3161 gold pieces.

Inventory:

Hand weapons
 a - a +1 dagger (weapon)
Missiles
 n - 8 tomahawks (quivered)
Armour
 b - a +1 robe (worn)
 u - a +2 hat (worn)
Magical devices
 e - a wand of teleportation (2)
Scrolls
 j - 2 scrolls of blinking
 m - a scroll of recharging {unknown}
 o - 3 scrolls of remove curse
 p - a scroll of holy word
Potions
 f - a potion of heal wounds
 g - a potion of haste
 h - 2 potions of magic
 i - 2 potions of berserk rage
 k - 4 potions of cure mutation
 r - a potion of curing
 s - a potion of lignification
 t - a potion of might
Comestibles
 c - 24 royal jellies
 d - a bread ration
 l - 6 fruits


   Skills:
 + Level 12.3 Short Blades
 * Level 20.6 Dodging
 * Level 22.3 Stealth
 * Level 18.0 Spellcasting
 + Level 8.6 Conjurations
 + Level 13.7 Hexes
 + Level 5.0 Necromancy
 + Level 9.6 Ice Magic
 + Level 6.6 Air Magic
 - Level 2.6 Invocations


You had 7 spell levels left.
You knew the following spells:

 Your Spells              Type           Power        Failure   Level  Hunger
a - Corona                Hex            ######.      0%          1    None
b - Ensorcelled Hibernat  Hex/Ice        ######       1%          2    None
c - Confuse               Hex            ######..     1%          3    None
d - Tukima's Dance        Hex            ######..     1%          3    None
e - Dazzling Spray        Conj/Hex       ######..     1%          3    None
f - Metabolic Englaciati  Hex/Ice        ######....   1%          5    ##.....
g - Bolt of Cold          Conj/Ice       ######....   14%         6    #####..
h - Ozocubu's Refrigerat  Ice            ######....   12%         6    #####..
i - Freezing Cloud        Conj/Ice/Air   #####.....   21%         6    #####..
j - Simulacrum            Ice/Necr       #####.....   28%         6    #####..


Dungeon Overview and Level Annotations

Branches:
Dungeon (1/1)

Altars:
Cheibriados
Dithmenos
Elyvilon
Fedhas
Gozag
Kikubaaqudgha
Makhleb
Nemelex Xobeh
Okawaru
Qazlal
Ru
Sif Muna
Trog
Vehumet
Xom
Yredelemnul
Zin
The Shining One
Beogh
Jiyva
Lugonu

Shops:
D =[!:!(*


Innate Abilities, Weirdness & Mutations

You are tiny and cannot use many weapons and most armour.
You have supernaturally acute eyesight.
You are a herbivore.
You cover ground extremely quickly.
You need consume almost no food.
You have sharp toenails.
You are partially covered in large bone plates (AC +2, SH +2).
Potions and wands are less effective at restoring your health.


Message History

You miscast Freezing Cloud.
You are very lightly contaminated with residual magic.
Frost covers your body.
The deep elf master archer shouts!
Unknown command.
Casting: Freezing Cloud
Confirm with . or Enter, or press ? or * to list all spells.
Aiming: Freezing Cloud
Press: ? - help, Dir - move target cursor, f/p - deep elf master archer
Aim: a deep elf master archer, wielding a longbow and wearing a runed chain mail (umbra)
The deep elf master archer is engulfed in freezing vapours.
The deep elf master archer shoots an arrow.
The arrow hits you!!!
Ouch! That really hurt!
* * * LOW HITPOINT WARNING * * *
You emit a cloud of dark smoke.
The deep elf master archer is engulfed in freezing vapours.
The deep elf master archer shoots an arrow.
The arrow hits you!!
You die... ▓▓▓▓▓▓▓▓▓ # #.#.##..######## ### ####.#_#∩..'.#...# .§.' #.........##.#...##≈§§§# #..........#.#.§@≈≈≈§e§. #..........#)#.§§##≈§§§# #)#.###..#.#.'...# e.e

#.##..#..#.####### #
#'###########################
#..§)≈'.#.'...'.#.#.#.'...≈≈#
#.#≈≈§#.#.#...##.#.#.##...≈≈###
'.#§§§#.#.#...#.#.#.#.#...≈≈≈≈#
#.#§.§#...#..)##.#.#.##...≈≈≈≈#


You could see a deep elf master archer, a deep elf annihilator (wandering) and a
deep elf conjurer (wandering).

Vanquished Creatures
  Rupert (D)
  Gastronok (D)
  Maud (D)
  A greater naga (D)
  2 dire elephants (D)
  A naga warrior (D)
  2 hydras (D)
  Erica (D)
  4 death yaks (D)
  6 anacondas (D)
  A centaur warrior (D)
  A deep elf knight (D)
  A death drake (D)
  A spriggan druid (D)
  A swamp dragon (D)
  An unseen horror (D)
  A lindwurm (D)
  A deep elf conjurer (D)
  2 elephants (D)
  A guardian serpent (D)
  4 black mambas (D)
  2 spiny frogs (D)
  A komodo dragon (D)
  A queen bee (D)
  A fire drake (D)
  3 deep elf priests (D)
  8 blink frogs (D)
  3 wandering mushrooms (D)
  A shadow (D)
  3 redbacks (D)
  2 spriggans (D)
  A spatial vortex (D)
  2 water moccasins (D)
  2 nagas (D)
  A necrophage (D)
  An orc warrior (D)
  3 swamp drakes (D)
  2 centaurs (D)
  An earth elemental (D)
  2 brain worms (D)
  A water elemental (D)
  32 killer bees (D)
  An electric eel (D)
  A wizard (D)
  2 orc priests (D)
  A jelly (D)
  A necromancer (D)
  An orc wizard (D)
  3 humans (D)
  A kobold demonologist (D)
  3 adders (D)
  An ooze (D)
  A phantom (D)
  10 orcs (D)
  3 rats (D)
137 creatures vanquished.

Vanquished Creatures (collateral kills)
  An orc knight (D)
  An orc warrior (D)
  2 orcs (D)
4 creatures vanquished.

Vanquished Creatures (others)
  2 draconian scorchers (D)
  A deep elf conjurer (D)
  3 yaktaurs (D)
6 creatures vanquished.

Grand Total: 147 creatures vanquished

Notes
Turn   | Place    | Note
--------------------------------------------------------------
     0 | D        | Kidiri the Spriggan Enchanter began the quest for the Orb.
     0 | D        | Reached XP level 1. HP: 9/9 MP: 5/5
     9 | D        | Reached skill level 5 in Stealth
    86 | D        | Reached XP level 2. HP: 13/13 MP: 5/7
   101 | D        | Learned a level 2 spell: Ensorcelled Hibernation
   127 | D        | Reached skill level 6 in Stealth
   156 | D        | Killed a yaktaur
   192 | D        | Killed a white draconian scorcher
   218 | D        | Gained mutation: You have sharp toenails. [potion of mutation]
   218 | D        | Gained mutation: Your body sometimes deteriorates upon taking damage. [potion of mutation]
   218 | D        | Gained mutation: You are partially covered in large bone plates (AC +2, SH +2). [potion of mutation]
   219 | D        | Gained mutation: Potions and wands are less effective at restoring your health. [potion of mutation]
   219 | D        | Gained mutation: Your body often deteriorates upon taking damage. [potion of mutation]
   220 | D        | Lost mutation: Your body often deteriorates upon taking damage. [potion of mutation]
   220 | D        | Lost mutation: Your body sometimes deteriorates upon taking damage. [potion of mutation]
   228 | D        | Noticed a water elemental
   230 | D        | Killed a water elemental
   230 | D        | Reached skill level 7 in Stealth
   230 | D        | Reached skill level 5 in Spellcasting
   230 | D        | Reached skill level 5 in Hexes
   230 | D        | Reached skill level 1 in Ice Magic
   230 | D        | Reached XP level 3. HP: 16/16 MP: 9/11
   230 | D        | Reached XP level 4. HP: 21/21 MP: 9/12
   235 | D        | Learned a level 3 spell: Confuse
   239 | D        | Learned a level 3 spell: Tukima's Dance
   243 | D        | Learned a level 3 spell: Dazzling Spray
   268 | D        | Noticed a jelly
   269 | D        | Noticed a shadow
   271 | D        | Killed a shadow
   271 | D        | Reached skill level 8 in Dodging
   271 | D        | Reached skill level 9 in Stealth
   271 | D        | Reached skill level 1 in Conjurations
   271 | D        | Reached XP level 5. HP: 24/24 MP: 12/15
   275 | D        | Killed a jelly
   275 | D        | Reached XP level 6. HP: 28/28 MP: 12/17
   307 | D        | Found a stormy altar of Qazlal.
   308 | D        | Found a sacrificial altar of Ru.
   308 | D        | Found a burning altar of Makhleb.
   308 | D        | Found a viscous altar of Jiyva.
   308 | D        | Found a shimmering altar of Xom.
   308 | D        | Found a shadowy altar of Dithmenos.
   308 | D        | Found a sparkling altar of Nemelex Xobeh.
   308 | D        | Found a corrupted altar of Lugonu.
   308 | D        | Found an opulent altar of Gozag.
   308 | D        | Noticed a spatial vortex
   312 | D        | Became a worshipper of Dithmenos the Shadowed
   315 | D        | Killed a spatial vortex
   315 | D        | Reached skill level 5 in Short Blades
   315 | D        | Reached skill level 10 in Stealth
   315 | D        | Reached skill level 1 in Invocations
   322 | D        | Killed a white draconian scorcher
   338 | D        | Found a radiant altar of Vehumet.
   339 | D        | Found a deep blue altar of Sif Muna.
   339 | D        | Found an ancient bone altar of Kikubaaqudgha.
   339 | D        | Noticed a wizard
   340 | D        | Killed a wizard
   372 | D        | Learned a level 5 spell: Metabolic Englaciation
   377 | D        | Found a glowing silver altar of Zin.
   378 | D        | Found a glowing golden altar of the Shining One.
   378 | D        | Found a white marble altar of Elyvilon.
   378 | D        | Noticed a deep elf priest
   380 | D        | Killed a deep elf priest
   380 | D        | Reached skill level 10 in Dodging
   380 | D        | Reached skill level 11 in Stealth
   380 | D        | Reached XP level 7. HP: 32/32 MP: 18/20
   391 | D        | Learned a level 6 spell: Bolt of Cold
   397 | D        | Found an iron altar of Okawaru.
   398 | D        | Found a bloodstained altar of Trog.
   398 | D        | Noticed a human
   398 | D        | Noticed a human
   402 | D        | Killed a human
   402 | D        | Reached skill level 12 in Stealth
   403 | D        | Killed a human
   416 | D        | Found a basalt altar of Yredelemnul.
   416 | D        | Found a snail-covered altar of Cheibriados.
   416 | D        | Found a blossoming altar of Fedhas.
   416 | D        | Noticed a necrophage
   416 | D        | Noticed a necromancer
   418 | D        | Killed a necrophage
   418 | D        | Acquired Dithmenos's first power
   418 | D        | Reached XP level 8. HP: 36/36 MP: 18/22
   419 | D        | Killed a necromancer
   449 | D        | Noticed Erica
   480 | D        | Killed Erica
   480 | D        | Reached skill level 13 in Stealth
   480 | D        | Reached skill level 10 in Spellcasting
   592 | D        | Noticed an earth elemental
   596 | D        | Killed an earth elemental
   601 | D        | Noticed a centaur
   601 | D        | Noticed a centaur warrior
   601 | D        | Noticed a centaur
   609 | D        | Killed a centaur
   609 | D        | Reached skill level 5 in Ice Magic
   615 | D        | Killed a centaur
   615 | D        | Reached skill level 14 in Stealth
   618 | D        | Killed a centaur warrior
   618 | D        | Acquired Dithmenos's second power
   618 | D        | Reached XP level 9. HP: 18/39 MP: 16/25
   650 | D        | Learned a level 6 spell: Ozocubu's Refrigeration
   653 | D        | Killed a yaktaur
   748 | D        | Killed a yaktaur
   791 | D        | Noticed an unseen horror
   793 | D        | Killed an unseen horror
   793 | D        | Reached skill level 15 in Stealth
   803 | D        | Noticed a killer bee
   803 | D        | Noticed a killer bee
   803 | D        | Noticed a killer bee
   803 | D        | Noticed a killer bee
   803 | D        | Noticed a killer bee
   803 | D        | Noticed a killer bee
   803 | D        | Noticed a killer bee
   803 | D        | Noticed a killer bee
   803 | D        | Noticed a killer bee
   803 | D        | Noticed a killer bee
   803 | D        | Noticed a killer bee
   803 | D        | Noticed a killer bee
   803 | D        | Noticed a killer bee
   803 | D        | Noticed a killer bee
   803 | D        | Noticed a killer bee
   804 | D        | Noticed a queen bee
   804 | D        | Noticed a killer bee
   804 | D        | Noticed a killer bee
   804 | D        | Noticed a killer bee
   804 | D        | Noticed a killer bee
   804 | D        | Noticed a killer bee
   805 | D        | Noticed a killer bee
   806 | D        | Noticed a killer bee
   806 | D        | Noticed a killer bee
   806 | D        | Noticed a killer bee
   807 | D        | Noticed a killer bee
   808 | D        | Killed a killer bee
   811 | D        | Noticed a killer bee
   811 | D        | Noticed a killer bee
   812 | D        | Noticed a killer bee
   813 | D        | Noticed a killer bee
   813 | D        | Killed a killer bee
   815 | D        | Killed a killer bee
   817 | D        | Killed a killer bee
   817 | D        | Acquired Dithmenos's third power
   821 | D        | Killed a killer bee
   824 | D        | Noticed a killer bee
   825 | D        | Noticed a killer bee
   825 | D        | Killed a killer bee
   827 | D        | Killed a killer bee
   828 | D        | Noticed a killer bee
   829 | D        | Killed a killer bee
   833 | D        | Killed a killer bee
   833 | D        | Acquired Dithmenos's fourth power
   959 | D        | Killed a killer bee
   959 | D        | Reached skill level 5 in Conjurations
   961 | D        | Killed a killer bee
   965 | D        | Killed a killer bee
   967 | D        | Killed a killer bee
   969 | D        | Killed a killer bee
   973 | D        | Killed a killer bee
   975 | D        | Killed a killer bee
   977 | D        | Killed a killer bee
   979 | D        | Killed a killer bee
  1112 | D        | Killed a killer bee
  1113 | D        | Killed a killer bee
  1113 | D        | Reached XP level 10. HP: 44/44 MP: 23/27
  1114 | D        | Killed a killer bee
  1116 | D        | Killed a killer bee
  1122 | D        | Killed a killer bee
  1122 | D        | Reached skill level 16 in Stealth
  1124 | D        | Killed a killer bee
  1128 | D        | Killed a killer bee
  1130 | D        | Killed a killer bee
  1132 | D        | Killed a killer bee
  1135 | D        | Killed a killer bee
  1137 | D        | Killed a queen bee
  1137 | D        | Reached skill level 10 in Hexes
  1139 | D        | Killed a killer bee
  1141 | D        | Killed a killer bee
  1141 | D        | Reached skill level 15 in Dodging
  1276 | D        | Killed a killer bee
  1278 | D        | Killed a killer bee
  1407 | D        | Noticed a wandering mushroom
  1408 | D        | Noticed a wandering mushroom
  1408 | D        | Noticed a wandering mushroom
  1409 | D        | Killed a wandering mushroom
  1411 | D        | Killed a wandering mushroom
  1412 | D        | Killed a wandering mushroom
  1448 | D        | Noticed a spiny frog
  1448 | D        | Noticed a komodo dragon
  1448 | D        | Noticed a spiny frog
  1451 | D        | Killed a spiny frog
  1455 | D        | Killed a komodo dragon
  1455 | D        | Reached skill level 17 in Stealth
  1456 | D        | Killed a spiny frog
  1462 | D        | Noticed a redback
  1464 | D        | Killed a redback
  1465 | D        | Noticed a brain worm
  1469 | D        | Killed a brain worm
  1472 | D        | Noticed a brain worm
  1474 | D        | Killed a brain worm
  1477 | D        | Noticed a lindwurm
  1479 | D        | Noticed a redback
  1480 | D        | Killed a lindwurm
  1482 | D        | Killed a redback
  1487 | D        | Noticed a redback
  1488 | D        | Killed a redback
  1489 | D        | Noticed Maud
  1491 | D        | Killed Maud
  1491 | D        | Reached skill level 18 in Stealth
  1491 | D        | Reached XP level 11. HP: 47/47 MP: 30/30
  1553 | D        | Noticed an electric eel
  1554 | D        | Noticed a four-headed hydra
  1554 | D        | Noticed a four-headed hydra
  1555 | D        | Killed an electric eel
  1557 | D        | Killed a four-headed hydra
  1558 | D        | Killed a four-headed hydra
  1601 | D        | Learned a level 6 spell: Freezing Cloud
  1602 | D        | Noticed a death drake
  1605 | D        | Killed a death drake
  1605 | D        | Reached skill level 10 in Short Blades
  1612 | D        | Found a blossoming altar of Fedhas.
  1612 | D        | Noticed a spriggan
  1612 | D        | Noticed a spriggan druid
  1612 | D        | Noticed a spriggan
  1614 | D        | Killed a spriggan druid
  1614 | D        | Reached skill level 15 in Spellcasting
  1614 | D        | Reached skill level 1 in Air Magic
  1615 | D        | Killed a spriggan
  1616 | D        | Killed a spriggan
  1616 | D        | Reached skill level 19 in Stealth
  1648 | D        | Noticed a water moccasin
  1649 | D        | Noticed an anaconda
  1650 | D        | Killed a water moccasin
  1653 | D        | Noticed an anaconda
  1653 | D        | Noticed a black mamba
  1653 | D        | Noticed an anaconda
  1657 | D        | Killed an anaconda
  1707 | D        | Killed an anaconda
  1709 | D        | Killed an anaconda
  1711 | D        | Killed a black mamba
  1720 | D        | Noticed an anaconda
  1720 | D        | Noticed an anaconda
  1720 | D        | Noticed a water moccasin
  1720 | D        | Noticed an anaconda
  1721 | D        | Noticed a black mamba
  1722 | D        | Killed an anaconda
  1723 | D        | Killed an anaconda
  1725 | D        | Killed an anaconda
  1725 | D        | Reached skill level 20 in Stealth
  1725 | D        | Reached XP level 12. HP: 51/51 MP: 27/33
  1726 | D        | Killed a water moccasin
  1731 | D        | Killed a black mamba
  1770 | D        | Learned a level 6 spell: Simulacrum
  1772 | D        | Noticed a naga
  1772 | D        | Noticed a naga
  1773 | D        | Noticed a naga warrior
  1773 | D        | Noticed a greater naga
  1773 | D        | Found Zaocwasy's Book Shop.
  1773 | D        | Found Toucras's Distillery.
  1773 | D        | Found Fuqugoteor's Antique Weapon Boutique.
  1774 | D        | Killed a naga
  1775 | D        | Killed a naga
  1777 | D        | Killed a naga warrior
  1778 | D        | Killed a greater naga
  1778 | D        | Reached skill level 1 in Necromancy
  1802 | D        | Noticed a guardian serpent
  1804 | D        | Killed a guardian serpent
  1808 | D        | Got a serpentine rune of Zot
  1892 | D        | Noticed a swamp drake
  1892 | D        | Noticed a fire drake
  1893 | D        | Killed a fire drake
  1895 | D        | Killed a swamp drake
  1902 | D        | Noticed a blink frog
  1903 | D        | Noticed a blink frog
  1903 | D        | Noticed a blink frog
  1903 | D        | Noticed a blink frog
  1903 | D        | Noticed a blink frog
  1904 | D        | Killed a blink frog
  1908 | D        | Killed a blink frog
  1909 | D        | Killed a blink frog
  1911 | D        | Killed a blink frog
  1915 | D        | Killed a blink frog
  1952 | D        | Noticed Rupert
  1954 | D        | Killed Rupert
  1954 | D        | Reached skill level 5 in Air Magic
  1976 | D        | Noticed a death yak
  1977 | D        | Noticed a death yak
  1977 | D        | Noticed a blink frog
  1978 | D        | Noticed an azure jelly
  1978 | D        | Noticed a death yak
  1978 | D        | Noticed an azure jelly
  1978 | D        | Noticed a blink frog
  1978 | D        | Noticed a death yak
  1979 | D        | Killed a death yak
  1979 | D        | Reached skill level 21 in Stealth
  1980 | D        | Killed a blink frog
  1981 | D        | Killed a death yak
  1982 | D        | Noticed a blink frog
  1982 | D        | Noticed a black mamba
  1984 | D        | Killed a death yak
  1985 | D        | Noticed a black mamba
  1986 | D        | Killed a blink frog
  1987 | D        | Killed a blink frog
  1988 | D        | Killed a death yak
  1990 | D        | Killed a black mamba
  1991 | D        | Killed a black mamba
  2006 | D        | Noticed an azure jelly
  2006 | D        | Noticed an azure jelly
  2037 | D        | Noticed a swamp drake
  2037 | D        | Noticed a swamp dragon
  2039 | D        | Killed a swamp drake
  2042 | D        | Noticed a swamp drake
  2043 | D        | Found Nokiny's Jewellery Shoppe.
  2043 | D        | Found Jihigo's Antique Armour Boutique.
  2043 | D        | Found Xaschiuro's Distillery.
  2044 | D        | Killed a swamp dragon
  2047 | D        | Killed a swamp drake
  2183 | D        | Noticed an elephant
  2183 | D        | Noticed an elephant
  2183 | D        | Noticed a dire elephant
  2183 | D        | Noticed a dire elephant
  2183 | D        | Noticed Gastronok
  2185 | D        | Killed Gastronok
  2185 | D        | Reached XP level 13. HP: 55/55 MP: 35/35
  2186 | D        | Killed a dire elephant
  2188 | D        | Killed a dire elephant
  2188 | D        | Reached skill level 22 in Stealth
  2192 | D        | Killed an elephant
  2194 | D        | Killed an elephant
  2325 | D        | Noticed an orc priest
  2326 | D        | Noticed an orc warrior
  2326 | D        | Noticed an orc warrior
  2326 | D        | Noticed an orc knight
  2326 | D        | Noticed an orc wizard
  2326 | D        | Noticed an orc priest
  2326 | D        | Found a roughly hewn altar of Beogh.
  2326 | D        | Found Yghim's Assorted Antiques.
  2327 | D        | Killed an orc priest
  2336 | D        | Killed an orc knight
  2337 | D        | Killed an orc warrior
  2347 | D        | Killed an orc wizard
  2352 | D        | Killed an orc warrior
  2357 | D        | Killed an orc priest
  2567 | D        | Noticed a deep elf priest
  2567 | D        | Noticed a deep elf knight
  2567 | D        | Noticed a deep elf conjurer
  2567 | D        | Noticed a deep elf priest
  2567 | D        | Noticed a deep elf conjurer
  2575 | D        | Killed a deep elf conjurer
  2579 | D        | Killed a deep elf conjurer
  2593 | D        | Killed a deep elf knight
  2595 | D        | Killed a deep elf priest
  2659 | D        | Killed a deep elf priest
  2659 | D        | Reached skill level 5 in Necromancy
  2873 | D        | Noticed a deep elf annihilator
  2876 | D        | Noticed a deep elf demonologist
  2879 | D        | Noticed a deep elf death mage
  2880 | D        | Noticed a deep elf high priest
  2881 | D        | Noticed a deep elf annihilator
  2885 | D        | Noticed a balrug
  2885 | D        | Noticed a deep elf master archer
  3135 | D        | Shot with an arrow by a deep elf master archer

Vault maps used:
D:        dungeon_sprint_mu

Action                   |  1- 3 |  4- 6 |  7- 9 | 10-12 | 13-15 || total
-------------------------+-------+-------+-------+-------+-------++-------
Melee: Dagger            |    12 |     6 |    44 |    82 |    19 ||   163
 Cast: Ensorcelled Hiber |     2 |       |    29 |    15 |     3 ||    49
       Corona            |     1 |       |       |       |       ||     1
       Dazzling Spray    |       |       |    18 |     3 |    22 ||    43
       Metabolic Englaci |       |       |     1 |       |       ||     1
       Freezing Cloud    |       |       |       |       |     4 ||     4
       Tukima's Dance    |       |       |       |       |     2 ||     2
Invok: Shadow Step       |       |       |       |    16 |     1 ||    17
  Use: Potion            |     3 |       |     2 |       |       ||     5
       Scroll            |     3 |       |       |       |     1 ||     4
 Stab: Sleeping          |     6 |     6 |    23 |    69 |     7 ||   111
       Invisible         |       |       |     4 |     1 |     2 ||     7
  Eat: Bread ration      |       |       |       |       |     1 ||     1
